 Dungeon Crawl Stone Soup version 0.31.0-12-g77e489cdc1 (webtiles) character file.

Game seed: 8010346066814593178

735 Killerpretzel the Changeling (level 7, -2/46 HPs)
             Began as an Octopode Shapeshifter on Mar 1, 2024.
             Slain by an ogre
             ... wielding a +0 giant club
              (22 damage)
             ... on level 5 of the Dungeon.
             The game lasted 00:06:25 (2774 turns).

Killerpretzel the Changeling (OpSh)                 Turns: 2774, Time: 00:06:25

Health: -2/46      AC:  1    Str: 13    XL:     7   Next: 74%
Magic:  7/7        EV: 14    Int: 12    God:
Gold:   196        SH:  0    Dex: 14    Spells: 3/6 levels left

rFire   + .          .
                       - Unarmed
rCold   . . .        (no shield)
rNeg    . . .        (helmet currently unavailable)
rPois   .            q - amulet of regeneration
rElec   .            i - ring of resist corrosion
rCorr   +            k - ring of wizardry
SInv    .            n - ring of protection from fire
Will    .....        (no ring)
Stlth   ++           (no ring)
HPRegen 1.07/turn    (no ring)
MPRegen 0.10/turn    (no ring)
                     (no ring)

%: wizardry (x1)
@: beast-form
A: beast (slay +3), almost no armour, amphibious, 8 rings, camouflage 1,
gelatinous body 1, (nimble swimmer 1), tentacles
a: Begin Untransformation


You were on level 5 of the Dungeon.
You were a hulking beast.
You visited 1 branch of the dungeon, and saw 5 of its levels.

You collected 196 gold pieces.

Inventory:

Missiles
 a - 3 boomerangs (quivered)
Jewellery
 i - a ring of resist corrosion (left tentacle)
 k - a ring of wizardry (right tentacle)
 n - a ring of protection from fire (on tentacle)
 o - a ring of fire
 q - an amulet of regeneration (around mantle)
Talismans
 b - a beast talisman
 c - a flux talisman
Wands
 t - a wand of flame (21)
Scrolls
 g - 2 scrolls of vulnerability
 j - a scroll of amnesia
 l - a scroll of revelation
 p - a scroll of teleportation
 r - 2 scrolls of fog
 s - a scroll of poison
Potions
 d - 2 potions of haste
 e - 2 potions of berserk rage
 f - 2 potions of ambrosia {unknown}
 h - a potion of brilliance {unknown}
 m - a potion of cancellation {unknown}
 u - a potion of curing {unknown}
 v - a potion of might {unknown}


   Skills:
 + Level 3.4 Fighting
 + Level 3.9 Dodging
 + Level 4.5 Unarmed Combat
 + Level 2.6 Translocations
 * Level 5.3 Shapeshifting


You had 3 spell levels left.
You knew the following spells:

 Your Spells              Type           Power      Damage    Failure   Level
a - Teleport Other        Tloc           6%         N/A       14%         3

Your spell library contained the following spells:

 Spells                   Type           Power      Damage    Failure   Level
 Magic Dart               Conj           0%         1d3       13%         1
 Gell's Gravitas          Tloc           6%         N/A       14%         3
 Cigotuvi's Dreadful Rot  Necr/Alch/Air  0%         N/A       21%         2
 Searing Ray              Conj           0%         2d4       21%         2
 Static Discharge         Conj/Air       0%         3-3/arc   21%         2
 Airstrike                Air            0%         2d(0-16)  75%         4
 Dispel Undead            Necr           0%         3d6       75%         4
 Fulminant Prism          Conj/Alch      0%         3d5       75%         4
 Martyr's Knell           Necr/Summ      0%         N/A       75%         4
 Summon Lightning Spire   Summ/Air       0%         N/A       75%         4
 Dispersal                Tloc           3%         N/A       99%         6
 Death Channel            Necr           0%         N/A       100%        6


Dungeon Overview and Level Annotations

Branches:
Dungeon (5/15)
 Temple: D:4-7

Altars:

Shops:
D:1 (


Innate Abilities, Weirdness & Mutations

You are a hulking beast.
Your limbs bulge with bestial killing power. (Slay +3)
You cannot wear most types of armour.
You are amphibious.
You can wear up to eight rings at the same time.
Your skin changes colour to match your surroundings (Stealth+).
Your rubbery body absorbs attacks. (AC +1, EV +1)
((You are camouflaged when in or above water. (Stealth+)))
You have tentacles for arms and can constrict up to eight enemies at once.


Message History

You destroy the sleepcap!
The bombardier beetle bites you.
You bludgeon the bombardier beetle! You grab the bombardier beetle.
The bombardier beetle is moderately wounded.
You constrict the bombardier beetle, but do no damage.
You tentacle-slap the bombardier beetle.
You squeeze the bombardier beetle!
You kill the bombardier beetle!
No target in view!
No target in view!
No target in view!
No target in view!
No target in view!
No target in view!
No target in view!
No target in view!
No target in view!
No target in view!
s - a scroll of poison No target in view!
No target in view!
No target in view!
No target in view!
No target in view!
No target in view!
No target in view!
No target in view!
No target in view!
No target in view!
An ogre comes into view. It is wielding a +0 giant club.
You bludgeon the ogre!
The ogre is moderately wounded.
The ogre hits you with a +0 giant club!!
Ouch! That really hurt!
You bludgeon the ogre!
The ogre is heavily wounded.
You tentacle-slap the ogre.
The ogre is severely wounded.
The ogre hits you with a +0 giant club!!
You die...

#............#
##...........#
#...........#
#......†....##
#............####
#...............#
#...........###.#
#...........# #.#
#..[........# #h#
#############
#O.# ##.# .. #..
##. .# .


You could see an ogre.

Vanquished Creatures
  Pikel (D:4)
  A black bear (D:5)
  2 lemures
  A bombardier beetle (D:5)
  An orc priest (D:4)
  A hound (D:4)
  An iguana (D:5)
  A sleepcap (D:5)
  2 adders (D:2)
  A dart slug (D:1)
  2 ribbon worms
  4 orcs
  8 endoplasms
  7 giant cockroaches
  7 goblins
  3 hobgoblins
  2 quokkas (D:1)
  6 ball pythons
  3 bats
  4 frilled lizards
  7 kobolds
  4 rats
69 creatures vanquished.

Notes
Turn   | Place    | Note
-------+----------+-------------------------------------------
     0 | D:1      | Killerpretzel the Octopode Shapeshifter began the quest for
                  | the Orb.
     0 | D:1      | Reached XP level 1. HP: 13/13 MP: 1/1
   107 | D:1      | Found Keickoug's Antique Weapon Boutique.
   158 | D:1      | Reached XP level 2. HP: 13/18 MP: 2/2
   279 | D:1      | Noticed an eye of devastation
   286 | D:1      | Found a faded altar of an unknown god.
   290 | D:1      | Noticed an eye of devastation
   295 | D:1      | Noticed a golden eye
   300 | D:1      | Noticed an eye of devastation
   609 | D:2      | Reached XP level 3. HP: 21/23 MP: 3/3
  1163 | D:3      | Reached XP level 4. HP: 29/29 MP: 4/4
  1803 | D:4      | Learned a level 3 spell: Teleport Other
  1919 | D:4      | Noticed a lemure
  1931 | D:4      | Killed a lemure
  2139 | D:4      | Noticed a lemure
  2149 | D:4      | Noticed a lemure
  2153 | D:4      | Noticed a lemure
  2154 | D:4      | Noticed Pikel
  2164 | D:3      | Killed a lemure
  2279 | D:4      | Reached skill level 4 in Shapeshifting
  2279 | D:4      | Reached XP level 5. HP: 11/34 MP: 5/5
  2517 | D:4      | Killed Pikel
  2518 | D:4      | Reached skill level 5 in Shapeshifting
  2518 | D:4      | Reached XP level 6. HP: 42/42 MP: 6/6
  2518 | D:4      | Reached XP level 7. HP: 46/46 MP: 7/7
  2658 | D:5      | Entered Level 5 of the Dungeon
  2774 | D:5      | Slain by an ogre

Illustrated notes

Levels and vault maps discovered:
D:1:      dpeg_arrival_leaves_temple_mockup, layout_rooms, serial_shops, shop,
          hellmonk_ecumenical_altar_watching_god, chequers_serial_rivers_micro_d
D:2:      layout_rooms, nicolae_elevator_lobby_plus
D:3:      layout_basic, kennysheep_big_empty_room
D:4:      layout_gridville, uniq_pikel
D:5:      layout_basic, serial_bayou_lake_a

Skill      XL: |  1  2  3  4  5 |
---------------+----------------+-----
Fighting       | 2 3 |  3.4
Shapeshifting  | 4 5 |  5.3
Dodging        | 3 |  3.9
Unarmed Combat | 4 |  4.5
Translocations | 2 |  2.6

Action                     |  1- 3 |  4- 6 |  7- 9 || total
---------------------------+-------+-------+-------++-------
  Melee: Unarmed           |    58 |    62 |    25 ||   145
         Tentacles         |    13 |    12 |     3 ||    28
         Constrict         |    15 |    11 |     7 ||    33
         Punch             |     1 |     2 |       ||     3
    Use: Scroll            |     4 |     2 |     3 ||     9
         Potion            |       |     1 |       ||     1
   Stab: Sleeping          |     8 |     4 |       ||    12
         Distracted        |     1 |       |       ||     1
 Armour: Skin              |    17 |    25 |    18 ||    60
  Dodge: Dodged            |    26 |    32 |    17 ||    75
